Map: Magannatha LE

Players

mares

  • Race: Protoss Protoss
  • Spawn Location: 5:00

A.I. 1 (Very Easy) - Winner!

  • Race: Terran Terran
  • Spawn Location: 11:00

VOD

Have the link to the VOD?

Description

Time

  • Played on: June 11, 2025, 8:34 a.m.
  • Length: 15:44
Show
View Real Time Build Order
Export as new Build Order

mares Protoss 

Build Orders: 1 Gate Expand, Zealot Archon, Archon Drop, Dark Templar Rush 

Get SALT Encoding   

  12  0:00  Probe  
  13  0:12  Probe  
  14  0:17  Pylon  
  14  0:24  Probe  
  15  0:36  Gateway, Probe  
  15  0:41  Assimilator  
  16  0:45  Probe  
  17  0:53  Probe  
  17  1:03  Probe  
  19  1:15  Probe  
  20  1:22  Cybernetics Core  
  20  1:35  Nexus  
  20  1:38  Probe  
  21  1:45  Pylon  
  21  1:50  Assimilator  
  21  1:52  Stalker  
  21  1:54  Probe  
  22  2:05  Warp Gate  
  24  2:11  Probe  
  25  2:18  Twilight Council  
  25  2:29  Pylon  
  25  2:31  Probe  
  26  2:43  Probe  
  27  2:47  Robotics Facility  
  27  3:03  Dark Shrine  
  27  3:05  Probe  
  29  3:08  Gateway  
  29  3:10  Probe  
  29  3:17  Probe  
  30  3:22  Gateway, Probe  
  31  3:30  Gateway  
  31  3:35  Assimilator  
  31  3:38  Assimilator  
  31  3:40  Warp Prism  
  33  3:57  Probe x2  
  35  4:09  Probe x2  
  37  4:15  Dark Templar x2  
  41  4:21  Dark Templar  
  43  4:29  Dark Templar  
  45  4:35  Probe x2  
  47  4:44  Forge  
  47  4:48  Probe x2  
  49  5:00  Pylon  
  49  5:05  Protoss Ground Armor Level 1  
  49  5:10  Nexus  
  49  5:16  Charge  
  49  5:19  Probe x2  
  51  5:31  Probe x2  
  51  5:33  Archon  
  51  5:34  Archon  
  53  5:44  Immortal  
  53  5:47  Templar Archives, Pylon  
  53  5:48  Probe x2  
  59  5:57  Sentry  
  59  6:03  Probe  
  62  6:05  Probe  
  62  6:06  Sentry  
  62  6:07  Sentry  
  62  6:08  Sentry  
  62  6:10  Pylon  
  69  6:30  Psionic Storm  
  69  6:35  Immortal  
  73  6:40  Probe x2  
  73  6:41  Protoss Ground Weapons Level 1  
  73  6:44  Probe  
  73  6:45  High Templar  
  73  6:46  High Templar  
  80  6:52  Probe x2  
  82  7:06  Probe x3  
  85  7:18  Pylon  
  85  7:19  Forge  
  85  7:24  Pylon  
  85  7:26  Nexus  
  85  7:32  Probe x3  
  85  7:34  High Templar x2, Protoss Ground Armor Level 2  
  92  7:37  Pylon  
  92  7:45  Probe x3  
  92  7:48  Immortal  
  99  7:56  Robotics Bay  
  99  8:00  Zealot  
  99  8:01  Zealot  
  103  8:10  Gateway  
  103  8:12  Gateway  
  103  8:14  Gateway  
  103  8:15  Gateway  
  103  8:23  Probe x2, Assimilator  
  103  8:24  Probe, Assimilator  
  106  8:29  Observer  
  106  8:33  Zealot x4  
  114  8:38  Photon Cannon  
  114  8:39  Photon Cannon  
  115  8:46  Protoss Ground Weapons Level 2  
  115  8:47  Photon Cannon  
  115  8:51  Probe x4  
  115  8:53  Extended Thermal Lance  
  119  9:00  Robotics Facility  
  123  9:07  Colossus  
  123  9:09  Probe x3  
  125  9:10  Probe  
  125  9:13  Assimilator  
  125  9:17  Assimilator  
  125  9:21  Probe x2  
  125  9:22  Probe x2, Blink  
  129  9:26  Pylon  
  129  9:27  Pylon  
  127  9:32  Nexus  
  127  9:33  Pylon  
  127  9:34  Pylon  
  127  9:37  High Templar x2  
  131  9:39  Probe  
  131  9:41  Archon  
  131  9:44  Probe x3  
  135  9:47  Colossus  
  141  10:00  Colossus  
  147  10:08  Probe x3  
  147  10:09  Probe  
  151  10:17  Pylon x2  
  151  10:20  Protoss Ground Armor Level 3  
  151  10:28  Probe x2  
  153  10:32  Photon Cannon  
  153  10:33  Photon Cannon  
  153  10:34  Colossus  
  153  10:37  Pylon  
  153  10:38  Probe  
  153  10:39  Probe  
  153  10:40  Probe x2  
  163  10:58  Colossus  
  169  11:06  Protoss Shields Level 1  
  169  11:13  Stargate  
  167  11:19  Cybernetics Core  
  167  11:25  Protoss Air Weapons Level 1  
  167  11:54  Nexus, Pylon  
  167  11:55  Immortal x2  
  167  11:59  Protoss Air Armor Level 1  
  175  12:01  Fleet Beacon  
  175  12:02  Stargate  
  175  12:04  Stargate  
  175  12:07  Gravitic Drive  
  175  12:10  Stargate  
  175  12:11  Pylon  
  175  12:13  Pylon  
  175  12:17  Photon Cannon  
  175  12:20  Photon Cannon  
  175  12:33  Assimilator  
  175  12:35  Immortal x2  
  183  12:37  Assimilator  
  183  12:48  Protoss Shields Level 2  
  183  12:51  Protoss Ground Weapons Level 3  
  183  12:55  Carrier  
  183  12:56  Carrier  
  195  13:17  Carrier  
  195  13:19  Protoss Air Weapons Level 2  
  195  13:34  Mothership  
  199  13:46  Gravitic Boosters  
  199  14:15  Assimilator  
  199  14:17  Assimilator  
Show
View Real Time Build Order
Export as new Build Order

A.I. 1 (Very Easy) Terran - Winner!

Build Orders: Reaper Expand 

Get SALT Encoding   

  12  0:00  SCV  
  13  0:13  SCV  
  14  0:18  Supply Depot  
  14  0:41  Barracks  
  14  1:02  Command Center  
  14  1:28  Marine  
  14  1:30  Supply Depot, Orbital Command  
  15  1:36  Refinery  
  15  1:48  Refinery  
  15  1:56  SCV  
  16  2:08  SCV  
  16  2:14  SCV  
  18  2:16  Reaper  
  18  2:21  SCV  
  20  2:28  SCV  
  21  2:36  SCV  
  22  2:42  Refinery  
  22  2:43  SCV  
  23  2:50  SCV  
  24  2:57  SCV  
  25  3:04  SCV  
  26  3:07  Marine  
  26  3:12  SCV  
  28  3:18  Factory  
  28  3:19  SCV  
  29  3:44  SCV, Refinery  
  30  3:51  SCV  
  30  3:57  Marine  
  30  3:58  Supply Depot, SCV  
  32  4:04  Starport  
  32  4:05  SCV  
  33  4:12  SCV  
  33  4:16  Barracks Tech Lab  
  34  4:20  SCV  
  35  4:27  SCV  
  31  4:34  SCV  
  25  4:41  Starport Tech Lab, SCV  
  17  4:47  Marine  
  17  4:48  SCV  
  12  4:56  SCV  
  13  5:00  Raven  
  13  5:03  SCV  
  16  5:10  SCV  
  17  5:17  SCV  
  18  5:24  SCV  
  18  5:32  SCV  
  18  5:34  Viking  
  21  5:39  SCV  
  22  5:46  SCV  
  23  5:53  SCV  
  24  6:00  SCV  
  25  6:04  Raven  
  25  6:07  SCV  
  28  6:14  SCV  
  29  6:20  Marine  
  29  6:22  SCV  
  26  6:29  SCV  
  22  6:36  SCV  
  20  6:43  SCV  
  21  6:48  Viking  
  21  6:50  SCV  
  24  6:58  SCV  
  25  7:05  SCV  
  26  7:13  SCV  
  27  7:18  Hellion  
  27  7:20  SCV  
  30  7:27  SCV  
  30  7:34  SCV  
  31  7:41  SCV  
  32  7:49  SCV  
  33  7:56  SCV  
  34  8:03  SCV  
  35  8:08  Marine  
  35  8:10  SCV  
  37  8:17  SCV  
  38  8:25  SCV  
  39  8:32  SCV  
  40  8:39  SCV  
  41  8:43  Supply Depot  
  41  8:46  SCV  
  42  8:53  SCV  
  37  8:59  Marauder  
  37  9:01  SCV  
  33  9:08  SCV  
  29  9:15  SCV  
  25  9:22  SCV  
  25  9:30  SCV  
  25  9:37  SCV  
  23  9:44  SCV  
  22  9:49  Marine  
  22  9:51  SCV  
  23  9:58  SCV  
  24  10:06  SCV  
  24  10:13  SCV  
  25  10:20  SCV  
  25  10:28  SCV  
  25  10:35  SCV  
  25  10:41  Marauder  
  25  10:42  SCV  
  26  10:49  SCV  
  26  10:57  SCV  
  24  11:04  SCV  
  19  11:11  SCV  
  19  11:17  Marine  
  19  11:18  Medivac  
  23  11:19  SCV  
  24  11:26  SCV  
  25  11:33  SCV  
  26  11:41  SCV  
  26  11:47  Marine  
  27  11:48  SCV, Medivac  
  31  11:55  SCV  
  32  12:02  SCV  
  33  12:09  SCV  
  34  12:16  Marine, Factory Tech Lab  
  34  12:17  SCV  
  34  12:18  Raven  
  38  12:24  SCV  
  39  12:31  SCV  
  39  12:39  SCV  
  40  12:45  Marine  
  40  12:46  SCV  
  31  12:52  Raven  
  31  12:53  SCV  
  32  13:00  SCV  
  31  13:08  SCV  
  32  13:15  Marine  
  32  13:16  SCV  
  32  13:17  Armory  
  33  13:23  SCV  
  33  13:27  Raven  
  36  13:30  SCV  
  37  13:38  SCV  
  38  13:44  Marine  
  38  13:45  SCV  
  40  13:52  SCV  
  41  13:57  Supply Depot  
  41  13:59  SCV  
  41  14:01  Medivac  
  44  14:06  SCV  
  45  14:13  Marine  
  45  14:14  SCV  
  44  14:21  SCV  
  42  14:28  SCV  
  42  14:31  Raven  
  45  14:35  SCV  
  45  14:43  Supply Depot, Hellion  
  44  15:02  SCV  
  44  15:05  Medivac  
  46  15:12  Marauder  
  36  15:18  SCV  
Tags
 
Add a new tag
Caveats
  • Supply blocks, unpowered buildings, or Contaminate may cause inaccurate times.
  • Supply counts are checked every 10 seconds.